Map: [ESL] Oceanborn

Players

Cham

  • Race: Zerg Zerg
  • Spawn Location: 11:00

MaSa - Winner!

  • Race: Terran Terran
  • Spawn Location: 5:00

Event: ESL SC2 Masters 2023 Winter (Regional)

VOD

Have the link to the VOD?

Description

Time

  • Played on: Nov. 2, 2023, 2:08 p.m.
  • Length: 9:55

All games in this series

Show
View Real Time Build Order
Export as new Build Order

Cham Zerg 

Build Orders: Pool First 

Get SALT Encoding   

  12  0:00  Drone  
  13  0:12  Overlord  
  13  0:17  Drone  
  14  0:31  Drone x2  
  16  0:40  Spawning Pool  
  15  0:43  Drone  
  15  0:47  Drone  
  17  1:08  Hatchery  
  17  1:10  Drone  
  17  1:13  Extractor  
  16  1:26  Queen  
  16  1:27  Zergling x2  
  16  1:29  Zergling x2  
  20  1:39  Overlord  
  20  1:42  Drone  
  21  1:50  Drone  
  22  2:00  Drone  
  23  2:02  Queen  
  25  2:13  Drone  
  26  2:20  Queen  
  28  2:23  Drone  
  29  2:33  Drone x2  
  29  2:35  Overlord  
  31  2:40  Drone  
  32  2:45  Drone x2  
  32  2:46  Drone  
  32  2:48  Lair  
  35  2:52  Drone  
  35  2:54  Drone  
  37  3:03  Overlord  
  37  3:04  Drone  
  38  3:08  Extractor  
  38  3:09  Roach Warren  
  36  3:13  Drone  
  36  3:14  Drone  
  36  3:15  Drone  
  36  3:17  Drone  
  40  3:20  Drone  
  40  3:22  Drone  
  40  3:24  Drone  
  40  3:26  Drone  
  44  3:29  Overlord  
  44  3:38  Overlord  
  44  3:48  Glial Reconstitution  
  44  3:49  Roach x4  
  44  3:55  Overlord  
  52  3:59  Drone x2  
  52  4:01  Overseer  
  54  4:10  Hatchery  
  54  4:13  Roach  
  54  4:16  Roach x2  
  59  4:20  Roach  
  59  4:22  Drone  
  59  4:23  Drone x2  
  64  4:28  Roach  
  64  4:29  Overlord  
  66  4:32  Roach  
  68  4:39  Overlord  
  68  4:48  Drone  
  68  4:49  Drone x3  
  72  4:54  Drone x2  
  72  4:55  Overseer  
  72  4:56  Drone  
  72  4:59  Drone  
  76  5:02  Extractor x2  
  74  5:09  Drone x5  
  79  5:21  Drone x2  
  79  5:23  Spore Crawler x2  
  75  5:33  Drone  
  75  5:35  Drone x3  
  75  5:36  Drone, Roach x4  
  86  5:43  Overlord  
  86  5:48  Drone x2  
  86  5:49  Evolution Chamber x2  
  82  5:51  Spore Crawler, Hatchery  
  74  6:02  Queen x3  
  72  6:07  Spire  
  66  6:22  Spore Crawler  
  62  6:25  Spore Crawler x2  
  62  6:27  Spire  
  62  6:28  Drone x3  
  58  6:33  Drone x5  
  58  6:37  Queen  
  58  6:38  Spore Crawler  
  62  6:44  Spore Crawler  
  57  6:47  Spore Crawler  
  56  6:56  Spore Crawler  
  56  7:00  Queen  
  57  7:02  Drone x3  
  56  7:13  Extractor, Queen  
  56  7:14  Extractor  
  54  7:26  Spore Crawler, Hatchery  
  54  7:28  Drone x3  
  52  7:30  Drone  
  52  7:31  Drone x3  
  55  7:40  Corruptor x4  
  59  7:45  Corruptor  
  61  7:56  Drone x2  
  61  7:57  Drone x3  
  64  8:05  Drone  
  62  8:09  Queen  
  64  8:17  Drone x4  
  68  8:21  Drone x2  
  68  8:23  Drone  
  68  8:24  Drone  
  68  8:25  Drone  
  73  8:27  Drone  
  73  8:32  Roach  
  73  8:33  Roach  
  78  8:35  Roach x2  
  78  8:39  Overlord  
  83  8:42  Overlord  
  83  8:45  Roach  
  83  8:48  Overlord  
  79  8:50  Roach  
  79  8:52  Corruptor  
  79  8:55  Ravager x2  
  79  8:58  Roach x3  
  79  9:00  Roach x2  
  91  9:02  Roach  
  91  9:06  Roach  
  92  9:10  Ravager x2  
  92  9:11  Roach  
  92  9:14  Roach  
  96  9:26  Corruptor x2  
  96  9:27  Roach  
Show
View Real Time Build Order
Export as new Build Order

MaSa Terran - Winner!

Build Orders: Command Center First 

Get SALT Encoding   

  12  0:00  SCV  
  13  0:12  SCV  
  14  0:17  Supply Depot  
  14  0:24  SCV  
  15  0:38  SCV  
  16  0:50  SCV  
  17  0:59  Command Center  
  17  1:02  SCV  
  18  1:11  Barracks  
  18  1:15  SCV  
  19  1:22  Refinery  
  19  1:27  Refinery  
  19  1:29  SCV  
  20  1:41  SCV  
  21  1:53  SCV  
  22  2:00  Reaper  
  23  2:07  Orbital Command  
  23  2:10  Orbital Command  
  23  2:18  Factory  
  23  2:32  Marine  
  23  2:34  SCV  
  25  2:37  Bunker, SCV  
  26  2:46  SCV  
  26  2:50  Barracks Reactor  
  27  2:52  SCV  
  28  2:58  SCV  
  28  3:01  Cyclone  
  28  3:02  Starport  
  28  3:05  SCV  
  32  3:11  SCV  
  33  3:19  Supply Depot, SCV  
  34  3:24  SCV  
  35  3:28  Marine x2  
  35  3:29  Supply Depot  
  35  3:31  SCV  
  38  3:34  Factory Tech Lab  
  38  3:41  SCV  
  39  3:43  Starport Tech Lab, Supply Depot  
  39  3:46  Fusion Core, SCV  
  39  3:53  Refinery  
  39  3:55  Refinery  
  39  3:58  Starport  
  39  3:59  SCV  
  39  4:00  SCV  
  39  4:01  Factory Tech Lab  
  39  4:02  Marine x2  
  43  4:11  SCV  
  43  4:14  SCV  
  45  4:20  Marine x2  
  47  4:25  SCV  
  47  4:26  SCV  
  47  4:29  Supply Depot  
  49  4:34  Battlecruiser  
  49  4:37  SCV  
  56  4:39  Marine x2  
  56  4:41  Supply Depot  
  58  4:51  SCV  
  59  4:55  Supply Depot  
  59  5:01  Battlecruiser  
  64  5:14  Siege Tank  
  64  5:16  SCV  
  64  5:19  SCV  
  64  5:22  Marine x2  
  64  5:28  SCV  
  64  5:33  SCV  
  59  5:38  Weapon Refit  
  59  5:40  SCV  
  60  5:43  Command Center  
  56  5:50  SCV  
  56  5:51  Refinery  
  56  5:59  SCV  
  56  6:02  SCV  
  57  6:13  SCV  
  58  6:22  SCV  
  59  6:29  Marine, SCV  
  59  6:30  Battlecruiser, Marine  
  68  6:34  SCV, Supply Depot  
  68  6:35  Supply Depot  
  69  6:41  SCV  
  69  6:46  SCV  
  71  6:47  Marine x2  
  71  6:53  SCV  
  74  6:58  Barracks  
  74  7:02  Battlecruiser  
  74  7:05  SCV, Marine x2  
  74  7:06  Orbital Command  
  83  7:10  SCV  
  84  7:19  SCV  
  84  7:22  SCV  
  86  7:23  Marine x2  
  86  7:29  Barracks  
  88  7:31  Siege Tank, SCV  
  88  7:34  SCV  
  93  7:38  Battlecruiser  
  93  7:43  Marine x2, SCV  
  102  7:46  SCV  
  103  7:58  Barracks Tech Lab, SCV  
  104  8:01  SCV, Engineering Bay  
  104  8:02  Barracks  
  104  8:04  Engineering Bay  
  105  8:07  Siege Tank  
  105  8:10  SCV  
  109  8:13  SCV  
  109  8:14  Marine x2  
  112  8:20  Barracks Reactor  
  112  8:21  Marine  
  113  8:28  SCV  
  113  8:32  Marine x2  
  113  8:33  Supply Depot  
  116  8:34  Orbital Command  
  116  8:35  Supply Depot  
  116  8:39  SCV  
  117  8:45  Refinery  
  117  8:47  Refinery  
  117  8:55  Siege Tank  
  120  8:56  SCV x2  
  120  8:58  Barracks Reactor  
  120  9:02  Marine x3  
  123  9:03  Barracks, SCV, Marine x2  
  123  9:04  Barracks  
  127  9:29  Marine x3  
  127  9:30  Marine  
  126  9:35  SCV  
  126  9:36  Marine  
  123  9:39  SCV  
Tags
 
Add a new tag
Caveats
  • Supply blocks, unpowered buildings, or Contaminate may cause inaccurate times.
  • Supply counts are checked every 10 seconds.